 Dungeon Crawl Stone Soup version 0.25.1-2-g60ff931df9 (console) character file.

Game seed: 13112891903174403216

238 toffzen the Ruffian (level 6, -3/53 HPs)
             Began as a Ghoul Berserker on Aug 12, 2020.
             Was a Believer of Trog.
             Killed by divine providence
             ... invoked by an orc priest
              (16 damage)
             ... on level 4 of the Dungeon.
             The game lasted 00:05:43 (1742 turns).

toffzen the Ruffian (Ghoul Berserker)               Turns: 1742, Time: 00:05:44

Health: -3/53      AC:  9    Str: 22    XL:     6   Next: 7%
Magic:  5/5        EV:  8    Int:  3    God:    Trog [**....]
Gold:   174        SH:  0    Dex:  8    Spells: 5/5 levels left

rFire    + . .     SeeInvis .     - Unarmed
rCold    + . .     Gourm    .   (no shield)
rNeg     + + +     Faith    .   f - +0 chain mail
rPois    ∞         Spirit   .   (no helmet)
rElec    .         Reflect  .   (no cloak)
rCorr    .         Harm     .   (no gloves)
MR       ++...                  (no boots)
Stlth    ..........             (no amulet)
HPRegen  1.00/turn              n - ring of protection from fire
MPRegen  0.09/turn              (no ring)

@: regenerating (expiring), rotting
A: rotting body, claws 1, carnivore, cold resistance 1, negative energy
resistance 3, inhibited regeneration, torment resistance, unbreathing
a: Trog's Hand, Renounce Religion


You were on level 4 of the Dungeon.
You worshipped Trog.
Trog was pleased with you.
You were not hungry.

You visited 1 branch of the dungeon, and saw 4 of its levels.

You collected 174 gold pieces.

Inventory:

Missiles
 e - 72 stones (quivered)
 h - 13 poisoned darts
 l - 4 boomerangs
 m - 58 sling bullets
Armour
 f - a +0 chain mail (worn)
Jewellery
 n - a ring of protection from fire (left claw)
Scrolls
 g - 3 scrolls of remove curse
 o - a scroll of random uselessness
Potions
 a - a potion of lignification {unknown}
 d - a potion of haste {unknown}
 k - a potion of cancellation {unknown}
Comestibles
 b - 2 rations
 c - 2 chunks of flesh


   Skills:
 + Level 4.3 Fighting
 + Level 2.9 Armour
 + Level 2.9 Dodging
 * Level 5.2 Unarmed Combat


You had 5 spell levels left.
You didn't know any spells.
Your spell library was empty.

Dungeon Overview and Level Annotations

Branches:
Dungeon (4/15)
 Temple: D:4-7

Altars:
Gozag

Shops:
D:4 [


Innate Abilities, Weirdness & Mutations

Your body is rotting away.
You thrive on raw meat.
You are immune to poison.
You have sharp fingernails.
You are carnivorous and can eat meat at any time.
Your flesh is cold resistant. (rC+)
You are immune to negative energy. (rN+++)
You do not regenerate when monsters are visible.
You are immune to unholy pain and torment.
You can survive without breathing.


Message History

Your chain mail prevents you from hitting the orc.
You claw the orc!
You kill the orc!
Trog accepts your kill. The worm bites you.
The orc priest shouts!
You claw the worm!
The worm is heavily wounded.
The orc priest mumbles some strange prayers to Beogh against you.
Beogh smites you!
* * * LOW HITPOINT WARNING * * *
The worm barely misses you.
You see here a +1 leather armour.
You closely miss the orc priest.
The orc priest hits you but does no damage.
You closely miss the orc priest.
You feel the effects of Trog's Hand fading.
The orc priest invokes the aid of Beogh against you.
Beogh smites you!
You die...

#.. ###.###
##.....## #.8...8.#
###......(###
#....._...(.#
#.....))#.######
#.8..w8.#oo....####
##..so@##...$...l..
###.###[o.#.#.####
#........w# #
#..a....#.#.#
#..>....s?... oh
#.........#.#####.#
##.#######.......=##
#. #......∩..
#.../..(###


You could see a worm, an orc priest and a giant cockroach.

Vanquished Creatures
  A centaur (D:4)
  A crimson imp (D:2)
  A hound (D:4)
  A worker ant (D:4)
  2 adders
  A worm (D:2)
  3 leopard geckos (D:2)
  6 orcs (D:4)
  6 bats
  6 goblins
  6 hobgoblins
  2 jackals (D:1)
  6 kobolds
  3 frilled lizards
  4 rats
49 creatures vanquished.

Notes
Turn   | Place    | Note
-------+----------+-------------------------------------------
     0 | D:1      | toffzen the Ghoul Berserker began the quest for the Orb.
     0 | D:1      | Reached XP level 1. HP: 19/19 MP: 0/0
    79 | D:1      | Reached XP level 2. HP: 17/26 MP: 1/1
   661 | D:1      | Reached XP level 3. HP: 28/31 MP: 2/2
   776 | D:2      | Reached skill level 4 in Unarmed Combat
   786 | D:1      | Reached ** piety under Trog
  1490 | D:2      | Reached XP level 4. HP: 37/40 MP: 3/3
  1593 | D:4      | Found Jaicuput's Armour Shoppe.
  1593 | D:4      | Noticed a phantom
  1593 | D:4      | Noticed a phantom
  1597 | D:4      | Noticed a centaur
  1607 | D:4      | Found an opulent altar of Gozag.
  1620 | D:4      | Reached XP level 5. HP: 23/44 MP: 4/4
  1726 | D:4      | Killed a centaur
  1726 | D:4      | Reached skill level 5 in Unarmed Combat
  1726 | D:4      | Reached XP level 6. HP: 29/53 MP: 5/5
  1742 | D:4      | Killed from afar by an orc priest

Illustrated notes

Levels and vault maps discovered:
D:1:      eino_arrival_tree_alley, layout_basic, feat_on_display
D:2:      layout_rooms
D:3:      layout_basic, grunt_temple_overflow_open, ebering_ghost_rock_garden
D:4:      layout_basic, grunt_gozag_statues, serial_shops, shop, first_ration

Skill      XL: |  1  2  3  4  5 |
---------------+----------------+-----
Armour         | 2 |  2.9
Dodging        | 2 |  2.9
Unarmed Combat | 4 5 |  5.2
Fighting       | 4 |  4.3

Action                   |  1- 3 |  4- 6 || total
-------------------------+-------+-------++-------
Melee: Unarmed           |   121 |    57 ||   178
       Punch             |     1 |       ||     1
Invok: Trog's Hand       |       |     3 ||     3
  Use: Scroll            |       |     6 ||     6
  Eat: Chunk             |    10 |     3 ||    13
       Ration            |       |     1 ||     1
Armor: Animal skin       |    33 |       ||    33
       Leather armour    |     5 |    11 ||    16
       Chain mail        |       |    10 ||    10
Dodge: Dodged            |   103 |    45 ||   148
